 Dungeon Crawl Stone Soup version 0.29.1-2-gbd0b4ee654 (webtiles) character file.

Game seed: 15416219628263293520

345 zeram the Covered (level 6, -5/38 HPs)
             Began as a Gargoyle Fighter on Nov 4, 2022.
             Killed by nerve-wracking pain
             ... invoked by an orc priest
              (7 damage)
             ... on level 4 of the Dungeon.
             The game lasted 00:05:35 (3756 turns).

zeram the Covered (Gargoyle Fighter)                Turns: 3756, Time: 00:05:36

Health: -5/38      AC: 22    Str: 21    XL:     6   Next: 58%
Magic:  6/6        EV:  6    Int:  9    God:
Gold:   113        SH:  4    Dex:  9    Spells: 5/5 levels left

rFire   . . .      SeeInvis +   a - +1 flail
rCold   . . .      Faith    .   c - +0 buckler
rNeg    + . .      Spirit   .   p - +0 plate armour
rPois   ∞          Reflect  .   r - +2 helmet {SInv}
rElec   +          Harm     .   h - +2 cloak
rCorr   .          Rampage  .   (no gloves)
Will    .....                   (no boots)
Stlth   ..........              (no amulet)
HPRegen 0.12/turn               (no ring)
MPRegen 0.10/turn               (no ring)

@: no status effects
A: sickness immunity, AC +4, negative energy resistance 1, electricity
resistance, torment resistance 1, petrification resistance
a: no special abilities


You were on level 4 of the Dungeon.
You visited 1 branch of the dungeon, and saw 4 of its levels.
You also visited: Sewer.

You collected 149 gold pieces.
You spent 36 gold pieces at shops.

Inventory:

Hand Weapons
 a - a +1 flail (weapon)
 l - a +2 dagger of draining
Armour
 b - a +0 scale mail
 c - a +0 buckler (worn)
 h - a +2 cloak (worn)
 o - a +0 cloak
 p - a +0 plate armour (worn)
 r - a +2 helmet of see invisible (worn)
Jewellery
 j - a ring of flight
 m - a ring of willpower
 u - a ring of ice
 v - a ring of ice
Scrolls
 n - a scroll of blinking
 t - a scroll of teleportation
 x - a scroll of identify
 y - a scroll of magic mapping {unknown}
 z - a scroll of enchant weapon
Potions
 d - a potion of might
 e - 3 potions of heal wounds
 f - 2 potions of magic {unknown}
 g - a potion of haste {unknown}
 i - 2 potions of mutation
 k - a potion of ambrosia {unknown}
 q - 2 potions of cancellation {unknown}
 s - 3 potions of brilliance
 w - a potion of curing


   Skills:
 + Level 4.1 Fighting
 + Level 4.7 Maces & Flails
 + Level 4.7 Armour
 + Level 0.8 Dodging
 + Level 4.2 Shields


You had 5 spell levels left.
You didn't know any spells.
Your spell library contained the following spells:

 Spells                   Type           Power      Damage    Failure   Level
 Beastly Appendage        Tmut           0%         N/A       100%        1
 Magic Dart               Conj           0%         1d3       100%        1
 Searing Ray              Conj           0%         2d4       100%        2
 Wereblood                Tmut           0%         N/A       100%        2
 Ozocubu's Armour         Ice            0%         N/A       100%        3
 Spider Form              Tmut/Pois      0%         N/A       100%        3
 Fulminant Prism          Conj/Hex       0%         3d6       100%        4
 Ozocubu's Refrigeration  Ice            0%         4d7       100%        7


Dungeon Overview and Level Annotations

Branches:
Dungeon (4/15)              Sewer (visited)
 Temple: D:4-7

Altars:
Fedhas

Shops:
D:1 !


Innate Abilities, Weirdness & Mutations

You are immune to sickness and miasma.
Your stone body is resilient. (AC +4)
You are immune to poison.
You resist negative energy. (rN+)
You are resistant to electric shocks. (rElec)
You are resistant to unholy torment.
You are immune to petrification.


Message History

The orc wizard hits you but does no damage.
The orc priest looks braver for a moment.
You bump into the rock wall.
You feel less confused. The orc wizard barely misses you.
You hit the orc wizard.
The orc wizard is almost dead.
The orc wizard hits you but does no damage.
You sock the orc wizard!
You kill the orc wizard!
The orc priest looks satisfied for a moment.
You hit the orc priest but do no damage.
The orc priest calls down the wrath of Beogh upon you.
You are unaffected.
You hit the orc priest but do no damage.
You block the orc priest's attack.
You sock the orc priest!
The orc priest is almost dead.
You block the orc priest's attack.
You completely miss the orc priest.
The orc priest is almost dead.
The orc priest calls down the wrath of Beogh upon you.
Beogh smites you!
You hit the orc priest but do no damage.
The orc priest is severely wounded.
The orc priest casts a cantrip, but nothing happens.
You closely miss the orc priest.
The orc priest is severely wounded.
The orc priest calls down the wrath of Beogh upon you.
Beogh smites you!
* * * LOW HITPOINT WARNING * * *
You block the orc priest's attack.
You closely miss the orc priest.
The orc priest is severely wounded.
The orc priest hits you but does no damage.
You hit the orc priest.
The orc priest is almost dead.
The orc priest mumbles some strange prayers to Beogh against you.
Pain shoots through your body!
You die...

# #......# ..#......
#.+.)... #.#.... #.#o..
#.... #..)########## #
#....o@.........# ##.##
#.###.###########.# #....
##.........# #.# #..##
...)..!.....# #.#.#..#
..........#.#### #.#.#).#
..........#))..# #.#.#..##
..........#)##.## #.#.#..#.
..........#.##..###.#.#....
..........#.........#.#..##


You could see an orc priest.

Vanquished Creatures
  A kobold brigand (Sewer)
  A scorpion (D:4)
  3 orc wizards
  3 gnolls (D:4)
  3 adders
  A white imp (D:4)
  3 worms
  5 orcs
  5 endoplasms
  4 giant cockroaches
  4 hobgoblins
  21 kobolds
  3 quokkas
  8 ball pythons
  7 bats
  7 frilled lizards
  5 goblins
  8 rats
92 creatures vanquished.

Vanquished Creatures (others)
  A plant (Sewer)
1 creature vanquished.

Grand Total: 93 creatures vanquished

Notes
Turn   | Place    | Note
-------+----------+-------------------------------------------
     0 | D:1      | zeram the Gargoyle Fighter began the quest for the Orb.
     0 | D:1      | Reached XP level 1. HP: 14/14 MP: 1/1
   312 | D:1      | Reached XP level 2. HP: 19/19 MP: 2/2
   509 | D:1      | Found Kuefey's Distillery.
   550 | D:1      | Bought a potion of curing for 36 gold pieces
  1288 | D:1      | Reached XP level 3. HP: 23/23 MP: 3/3
  1911 | D:2      | Reached XP level 4. HP: 26/29 MP: 4/4
  2312 | D:3      | Found a glowing drain.
  2320 | Sewer    | Entered a sewer
  2587 | Sewer    | Reached XP level 5. HP: 30/33 MP: 5/5
  2713 | Sewer    | Noticed a kobold brigand
  2736 | Sewer    | Killed a kobold brigand
  3190 | D:3      | Found a faded altar of an unknown god.
  3192 | D:3      | Found a blossoming altar of Fedhas.
  3416 | D:4      | Reached XP level 6. HP: 34/38 MP: 6/6
  3756 | D:4      | Killed from afar by an orc priest

Illustrated notes

Levels and vault maps discovered:
D:1:      erik_arrival_blinker_ship, layout_loops_corners, serial_shops,
          nicolae_square_shop
D:2:      layout_rooms, grunt_ministairs_3, minmay_distorted
D:3:      layout_basic, fedhas_altar_1, portal_sewer_entry_b,
          hellmonk_ecumenical_altar_pennies_from_heaven
D:4:      layout_basic, gammafunk_ghost_grave

Skill      XL: |  1  2  3  4  5 |
---------------+----------------+-----
Maces & Flails | 3 4 |  4.7
Armour         | 4 |  4.7
Fighting       | 4 |  4.1
Shields        | 4 |  4.2
Dodging        | |  0.8

Action                   |  1- 3 |  4- 6 || total
-------------------------+-------+-------++-------
Melee: Flail             |   144 |   218 ||   362
  Use: Scroll            |     4 |     5 ||     9
       Potion            |       |     3 ||     3
Armor: Scale mail        |    81 |     3 ||    84
       Plate armour      |       |   200 ||   200
Dodge: Dodged            |    70 |    76 ||   146
Block: Buckler           |    29 |    49 ||    78
